 Dungeon Crawl Stone Soup version 0.30-a0-956-gcec3b41aec (webtiles) character file.

Game seed: 16753336107855532503

51 BlueFish the Grasshopper (level 3, 0/24 HPs)
             Began as an Octopode Warper on Mar 29, 2023.
             Succumbed to Terence's poison
             ... on level 2 of the Dungeon.
             The game lasted 00:01:47 (886 turns).

BlueFish the Grasshopper (Octopode Warper)           Turns: 886, Time: 00:01:48

Health: 0/24       AC:  1    Str: 12    XL:     3   Next: 83%
Magic:  6/6        EV: 13    Int: 15    God:
Gold:   86         SH:  0    Dex: 11    Spells: 2/6 levels left

rFire   . . .      SeeInvis .      - Unarmed
rCold   . . .      Faith    .    (no shield)
rNeg    + . .      Spirit   .    (helmet restricted)
rPois   .          Reflect  .    (no amulet)
rElec   .          Rampage  .    d - +4 ring of slaying
rCorr   .                        e - ring of positive energy
Will    .....                    (no ring)
Stlth   +++                      (no ring)
HPRegen 0.24/turn                (no ring)
MPRegen 0.10/turn                (no ring)
                                 (no ring)
                                 (no ring)

@: lethally poisoned (0 -> -21)
A: almost no armour, amphibious, 8 rings, camouflage 1, gelatinous body 1,
(nimble swimmer 1), tentacles
a: no special abilities


You were on level 2 of the Dungeon.
You visited 1 branch of the dungeon, and saw 2 of its levels.

You collected 86 gold pieces.

Inventory:

Missiles
 b - 7 boomerangs of dispersal (quivered)
Jewellery
 d - a +4 ring of slaying (left tentacle)
 e - a ring of positive energy (right tentacle)
Scrolls
 a - a scroll of blinking
 c - a scroll of amnesia {unknown}
 g - a scroll of fog {unknown}
Potions
 f - a potion of might
 h - a potion of curing {unknown}
 i - a potion of lignification {unknown}
 j - a potion of brilliance {unknown}


   Skills:
 + Level 2.2 Fighting
 + Level 1.4 Throwing
 + Level 2.7 Dodging
 * Level 2.4 Stealth
 + Level 2.2 Unarmed Combat
 + Level 2.2 Spellcasting
 + Level 3.1 Translocations


You had 2 spell levels left.
You knew the following spells:

 Your Spells              Type           Power      Damage    Failure   Level
a - Blink                 Tloc           22%        N/A       9%          2
b - Lesser Beckoning      Tloc           22%        N/A       9%          2

Your spell library contained the following spells:

 Spells                   Type           Power      Damage    Failure   Level
 Apportation              Tloc           22%        N/A       6%          1
 Teleport Other           Tloc           11%        N/A       19%         3
 Vhi's Electric Charge    Tloc/Air       12%        N/A       34%         3
 Manifold Assault         Tloc           11%        N/A       52%         4
 Alistair's Intoxication  Tmut/Pois      0%         N/A       99%         5


Dungeon Overview and Level Annotations

Branches:
Dungeon (2/15)

Altars:

Annotations:
D:2 Terence


Innate Abilities, Weirdness & Mutations

You cannot wear most types of armour.
You are amphibious.
You can wear up to eight rings at the same time.
Your skin changes colour to match your surroundings (Stealth+).
Your rubbery body absorbs attacks. (AC +1, EV +1)
((You are camouflaged when in or above water. (Stealth+)))
You have tentacles for arms and can constrict up to eight enemies at once.


Message History

The worm is heavily wounded.
You constrict the worm. The worm bites you!
You are too injured to fight recklessly!
You are too injured to fight recklessly!
You tentacle-slap the frilled lizard.
You kill the frilled lizard!
You constrict the worm.
You tentacle-slap the worm. x2; You squeeze the worm.
You kill the worm!
An endoplasm comes into view.
An endoplasm is nearby!
An endoplasm is nearby!
A hobgoblin and a giant cockroach come into view.
The endoplasm quivers.
The endoplasm closely misses you.
You tentacle-slap the endoplasm. You squeeze the endoplasm.
You kill the endoplasm!
Terence the Incautious comes into view.
He is wielding a +1 trident of venom.
A ball python comes into view.
You see here 10 gold pieces.
A hobgoblin comes into view.
Found a stone staircase leading down.
The helpless Terence fails to defend himself.
You tentacle-slap Terence but do no damage.
You grab Terence. You constrict Terence.
Terence hits you with a +1 trident of venom!
You are poisoned.
The ball python hisses angrily.
You tentacle-slap the ball python.
You kill the ball python!
You constrict Terence.
You feel sick.
The hobgoblin shouts!
Terence hits you with a +1 trident of venom!
* * * LOW HITPOINT WARNING * * *
You are lethally poisoned!
You hear an angry hiss.
You tentacle-slap Terence but do no damage.
Terence is lightly wounded.
You constrict Terence.
You die...

#...#.# ... ..
###.#.#.##...
..##............
................#
................#
....B.
................#
......
....#....†......#
.#..#.
...>.g..@@....#
.....g
###..........# ....
######.#.######
..#######.........#
#...........$.....#
..................#
..................#
..............#####
............#.#


You could see Terence and a hobgoblin.

Vanquished Creatures
  Robin (D:2)
  2 worms (D:2)
  A bat (D:1)
  2 endoplasms (D:2)
  8 goblins
  5 hobgoblins (D:2)
  2 quokkas (D:1)
  4 ball pythons
  A frilled lizard (D:2)
  A kobold (D:1)
  4 rats (D:1)
31 creatures vanquished.

Notes
Turn   | Place    | Note
-------+----------+-------------------------------------------
     0 | D:1      | BlueFish the Octopode Warper began the quest for the Orb.
     0 | D:1      | Reached XP level 1. HP: 14/14 MP: 3/3
   239 | D:1      | Reached skill level 1 in Stealth
   326 | D:1      | Reached XP level 2. HP: 16/19 MP: 5/5
   329 | D:1      | Learned a level 2 spell: Blink
   332 | D:1      | Learned a level 2 spell: Lesser Beckoning
   521 | D:1      | Found a faded altar of an unknown god.
   714 | D:2      | Noticed Robin
   724 | D:2      | Reached XP level 3. HP: 20/24 MP: 6/6
   726 | D:2      | Killed Robin
   877 | D:2      | Noticed Terence
   886 | D:2      | Succumbed to Terence's poison

Illustrated notes

Levels and vault maps discovered:
D:1:      eino_arrival_cavern_e, layout_basic,
          hellmonk_ecumenical_altar_arch_garden
D:2:      layout_rooms, uniq_terence, uniq_robin

Skill      XL: |  1  2 |
---------------+-------+-----
Stealth        | 1 2 |  2.4
Fighting       | |  2.2
Throwing       | |  1.4
Dodging        | |  2.7
Unarmed Combat | |  2.2
Spellcasting   | |  2.2
Translocations | |  3.1

Action                     || total
---------------------------++-------
  Melee: Unarmed           ||    55
         Constrict         ||    17
         Dagger            ||     5
         Tentacles         ||    11
         Punch             ||     2
   Stab: Sleeping          ||     3
 Armour: Skin              ||     9
  Dodge: Dodged            ||    33

Table legend: (Time is in decaauts)
 A = Elapsed time spent in this place.
 B = Non-inter-level travel time spent in this place.
 C = Inter-level travel time spent in this place.
 D = Time resting spent in this place.
 E = Time spent auto-exploring this place.
 F = Levels seen in this place.
 G = Mean time per level.
                   A        B        C        D        E       F      G
               +--------+--------+--------+--------+--------+-----+--------+
         Total |    882 |    875 |      7 |      6 |    682 |   2 |  441.0 |
       Dungeon |    882 |    875 |      7 |      6 |    682 |   2 |  441.0 |
               +--------+--------+--------+--------+--------+-----+--------+

Top non-repeatable levels by time:
     D:1: 638 daAuts
     D:2: 243 daAuts
